cohdb
Replays
Latest Replays
All Replays
Popular Replays
Top Player Replays
Match Explorer
How It Works
Community
CoH3 Stats
Reddit
Sign in to upload your games and track your stats! →
Sign in with Steam
Match 46649745
Unlisted
Match 46649745
Overview
Messages
Build Orders
End
Construct Weapon Support Center
Engineer Squad
M1919 Machine Gun Team
M1919 Machine Gun Team
M1919 Machine Gun Team
Infantry Support Center
Mortar Pit
M3 Armored Personnel Carrier
Selects Advanced Infantry Battlegroup
Selects Artillery Observers
Construct Medical Station
Selects Convert to Ranger Squad
M3 Armored Personnel Carrier
Artillery Observer Squad
.30 cal Machine Gun
Selects Frontline Medical Station
Frontline Medical Station
Mortar Pit
Construct Tank Depot
Selects Infantry Assault
Infantry Assault
M4(105) Sherman Bulldozer
Ra11
Cohpe?
Harry Cohper
Cappie
Doctor Guver
KyrSor
0
0
Comments
sign in to comment!
No comments posted yet!